 Dungeon Crawl Stone Soup version 0.28-a0-1184-g53156a8862 (console) character file.

Game seed: 1649583345715112315

1467 Goblin1989 the Cutter (level 8, -12/59 HPs)
             Began as a Demonspawn Brigand on Dec 17, 2021.
             Mangled by an orc warrior (13 damage)
             ... on level 6 of the Dungeon.
             The game lasted 00:13:13 (7010 turns).

Goblin1989 the Cutter (Demonspawn Brigand)          Turns: 7010, Time: 00:13:13

Health: -12/59     AC:  8    Str: 13    XL:     8   Next: 48%
Magic:  8/8        EV: 14    Int: 12    God:
Gold:   302        SH:  0    Dex: 22    Spells: 7/7 levels left

rFire   . . .      SeeInvis .   M - +1 dagger (vamp)
rCold   . . .      Faith    .   (no shield)
rNeg    . . .      Spirit   .   N - +2 ring mail {rPois}
rPois   +          Reflect  .   (no helmet)
rElec   .          Harm     .   c - +0 cloak
rCorr   .          Rampage  .   (no gloves)
Will    .....                   (no boots)
Stlth   +++.......              (no amulet)
HPRegen 0.19/turn               g - +6 ring of dexterity
MPRegen 0.11/turn               (no ring)

@: no status effects
A: repulsion field 1, demonic magic 1, demonic touch 2
a: no special abilities


You were on level 6 of the Dungeon.
You visited 1 branch of the dungeon, and saw 6 of its levels.
You also visited: Sewer.

You collected 302 gold pieces.

Inventory:

Hand Weapons
 a - a +2 dagger
 M - a +1 vampiric dagger (weapon)
Missiles
 d - 15 poisoned darts
 e - 3 curare-tipped darts (quivered)
 Z - a throwing net {!d , @Q1}
Armour
 c - a +0 cloak (worn)
 N - a +2 ring mail of poison resistance (worn)
 O - a +0 helmet
Jewellery
 g - a +6 ring of dexterity (left hand)
Wands
 G - a wand of acid (4) {@v2}
 T - a wand of flame (20) {@v6}
 Y - a wand of digging (11) {@v1}
Scrolls
 D - a scroll of acquirement {unknown}
 K - a scroll of holy word {unknown}
 L - 2 scrolls of fear {unknown}
 P - a scroll of brand weapon {unknown}
 R - 4 scrolls of identify {@r1}
 S - a scroll of fog {unknown}
Potions
 C - a potion of heal wounds {@q2}
 E - a potion of attraction {unknown}
 F - a potion of haste {unknown}
 H - a potion of invisibility {unknown}
 I - 2 potions of curing {@q1}
 J - a potion of cancellation {unknown}
 Q - a potion of mutation {unknown}
 U - 2 potions of berserk rage {unknown}
 V - a potion of brilliance {unknown}
 W - 3 potions of flight {unknown}
 X - a potion of resistance {@q6}


   Skills:
 + Level 3.6 Fighting
 * Level 7.0 Short Blades
 - Level 1.7 Throwing
 + Level 2.6 Armour
 + Level 2.9 Dodging
 + Level 6.3 Stealth


You had 7 spell levels left.
You didn't know any spells.
Your spell library contained the following spells:

 Spells                   Type           Power      Damage    Failure   Level
 Beastly Appendage        Tmut           0%         N/A       56%         1
 Wereblood                Tmut           0%         N/A       71%         2
 Spider Form              Tmut/Pois      0%         N/A       90%         3


Dungeon Overview and Level Annotations

Branches:
Dungeon (6/15)              Sewer (visited)
 Temple: D:4-7

Altars:
Sif Muna

Annotations:
D:5 2 transporters


Innate Abilities, Weirdness & Mutations

You are surrounded by a mild repulsion field. (EV +2)
Spells you cast may paralyse adjacent enemies.
Your touch may inflict irresistible damage on your foes.


Message History

You are too injured to fight recklessly!
You are too injured to fight recklessly!
You are too injured to fight recklessly!
You are too injured to fight recklessly!
You hit the ice beast but do no damage.
The ice beast is almost dead.
The ice beast hits you but does no damage.
You hit the ice beast.
You feel better.
You kill the ice beast!
Your life force feels restored.
Your Short Blades skill increases to level 7!
Unknown command.
Unknown command.
Found 11 stones.
Health restored: 59 A hornet zombie comes into view.
You see here a scroll of identify {@r1}.
A hornet zombie is nearby!
A hornet zombie is nearby!
An orc warrior and an orc wizard come into view.
The orc wizard is wielding a +2 dagger of electrocution.
The hornet zombie hits you.
You take 6 damage, and have 53/59 hp.
You closely miss the hornet zombie.
The hornet zombie hits you but does no damage.
You hit the hornet zombie but do no damage.
The hornet zombie hits you.
You take 6 damage, and have 47/59 hp.
You hit the hornet zombie but do no damage.
You barely miss the hornet zombie.
You touch the hornet zombie.
The hornet zombie is lightly damaged.
The orc warrior shouts!
The orc wizard shouts!
The hornet zombie hits you but does no damage.
You closely miss the hornet zombie.
The hornet zombie is lightly damaged.
The hornet zombie misses you.
You hit the hornet zombie.
You touch the hornet zombie.
The hornet zombie is moderately damaged.
The hornet zombie hits you.
You take 6 damage, and have 41/59 hp.
You barely miss the hornet zombie.
The hornet zombie is moderately damaged.
An orc comes into view. It is wielding a +0 trident.
The orc shouts!
You hit the hornet zombie.
You touch the hornet zombie!
The hornet zombie is moderately damaged.
The hornet zombie hits you but does no damage.
You barely miss the hornet zombie.
The hornet zombie is moderately damaged.
The hornet zombie hits you!
The orc wizard casts a spell.
The orc wizard flickers and vanishes!
Deactivating autopickup; reactivate with Ctrl-A.
You are too injured to fight recklessly!
You take 11 damage, and have 31/59 hp.
You are too injured to fight recklessly!
You are too injured to fight recklessly!
You are too injured to fight recklessly!
You are too injured to fight recklessly!
You are too injured to fight recklessly!
You are too injured to fight recklessly!
You are too injured to fight recklessly!
You are too injured to fight recklessly!
You are too injured to fight recklessly!
You are too injured to fight recklessly!
You are too injured to fight recklessly!
You are too injured to fight recklessly!
You are too injured to fight recklessly!
You are too injured to fight recklessly!
You are too injured to fight recklessly!
You are too injured to fight recklessly!
You are too injured to fight recklessly!
You are too injured to fight recklessly!
You are too injured to fight recklessly!
You are too injured to fight recklessly!
You are too injured to fight recklessly!
You are too injured to fight recklessly!
You are too injured to fight recklessly!
You are too injured to fight recklessly!
The hornet zombie hits you but does no damage.
You hit the hornet zombie but do no damage.
Your touch misses the hornet zombie.
The hornet zombie is moderately damaged.
The hornet zombie hits you!
* * * LOW HITPOINT WARNING * * *
You take 9 damage, and have 22/59 hp.
You hit the hornet zombie.
You touch the hornet zombie.
The hornet zombie is heavily damaged.
The hornet zombie misses you.
You hit the hornet zombie but do no damage.
The hornet zombie is heavily damaged.
The orc warrior hits you from afar with a +0 glaive!!
* * * LOW HITPOINT WARNING * * *
The hornet zombie hits you.
* * * LOW HITPOINT WARNING * * *
You take 22 damage, and have 1/59 hp.
MASSIVE DAMAGE!!
You hit the hornet zombie but do no damage.
The hornet zombie is heavily damaged.
The orc warrior hits you from afar with a +0 glaive!
You die... ██████████ ..(....o?█ ████...█Z█ ████

.......█@█ ..█.
████o..█.█ █.█.
...█.█.█████████████.█.
..{.█.█.............█.█.
.o..
█.█████████████.█.█. █.
.... █. ............ █.
█.██.█ ███████.█.█. ..
█.██.█ ...█.█.█. ██.██
█.██.█ █████.█(█.█.


You could see an orc warrior and a hornet zombie.

Vanquished Creatures
  Grinder (D:6)
  Edmund (D:6)
  A water moccasin (Sewer)
  An ice beast (D:6)
  A sky beast (D:5)
  An ogre (D:5)
  A centaur (D:5)
  A phantom (D:6)
  A kobold brigand (D:4)
  A gnoll sergeant (D:5)
  A centaur zombie (D:5)
  2 orc priests
  3 hounds
  A bullfrog skeleton (D:6)
  Terence (D:2)
  An iguana (D:5)
  An orc wizard (D:4)
  A hound zombie (D:5)
  2 hound skeletons (D:4)
  4 gnolls (D:5)
  6 adders
  An ufetubus (D:5)
  2 adder skeletons
  2 worms (D:4)
  2 dart slugs
  8 orcs
  12 bats
  6 endoplasms
  3 giant cockroaches
  8 goblins
  8 hobgoblins
  9 jackals
  2 quokkas
  6 ball pythons
  3 frilled lizards
  6 kobolds
  6 rats
117 creatures vanquished.

Notes
Turn   | Place    | Note
-------+----------+-------------------------------------------
     0 | D:1      | Goblin1989 the Demonspawn Brigand began the quest for the
                  | Orb.
     0 | D:1      | Reached XP level 1. HP: 16/16 MP: 1/1
    88 | D:1      | Reached skill level 2 in Short Blades
   199 | D:1      | Gained mutation: You are surrounded by a mild repulsion
                  | field. (EV +2) [demonic ancestry]
   199 | D:1      | Reached XP level 2. HP: 21/22 MP: 2/2
  1119 | D:1      | Gained mutation: Your touch may inflict minor irresistible
                  | damage on your foes. [demonic ancestry]
  1119 | D:1      | Reached XP level 3. HP: 27/27 MP: 3/3
  1221 | D:2      | Reached skill level 3 in Short Blades
  1391 | D:2      | Noticed Terence
  1397 | D:2      | Killed Terence
  1398 | D:2      | Gained mutation: Your touch may inflict irresistible damage
                  | on your foes. [demonic ancestry]
  1398 | D:2      | Reached XP level 4. HP: 33/33 MP: 4/4
  2048 | D:3      | Reached skill level 4 in Short Blades
  2110 | D:3      | Gained mutation: Spells you cast may paralyse adjacent
                  | enemies. [demonic ancestry]
  2110 | D:3      | Reached XP level 5. HP: 31/38 MP: 5/5
  2936 | D:4      | Found a glowing drain.
  2945 | D:4      | HP: 1/38 [orc priest/divine providence (11)]
  2949 | Sewer    | Entered a sewer
  3318 | Sewer    | Noticed a water moccasin
  3337 | Sewer    | Killed a water moccasin
  3338 | Sewer    | Reached skill level 5 in Stealth
  3338 | Sewer    | Reached XP level 6. HP: 21/44 MP: 6/6
  3621 | D:4      | Reached skill level 5 in Short Blades
  3977 | D:4      | Found a shimmering blue altar of Sif Muna.
  4018 | D:4      | HP: 2/44 [kobold brigand (2)]
  4800 | D:5      | Entered Level 5 of the Dungeon
  4840 | D:5      | Reached skill level 1 in Dodging
  4840 | D:5      | Reached XP level 7. HP: 36/50 MP: 7/7
  4999 | D:5      | Found a transporter.
  5102 | D:5      | Reached skill level 6 in Short Blades
  5102 | D:5      | Reached skill level 1 in Armour
  5270 | D:5      | HP: 1/51 [gnoll (5)]
  5772 | D:5      | Found a transporter.
  6199 | D:6      | Noticed Grinder
  6252 | D:6      | Killed Grinder
  6253 | D:6      | Reached XP level 8. HP: 13/58 MP: 8/8
  6670 | D:6      | Noticed Edmund
  6685 | D:6      | Killed Edmund
  6825 | D:6      | Reached skill level 7 in Short Blades
  7009 | D:6      | HP: 1/59 [hornet zombie (4)]
  7010 | D:6      | Mangled by an orc warrior

Illustrated notes

Levels and vault maps discovered:
D:1:      shiori_arrival_whats_in_store_for_you, layout_basic
D:2:      layout_rooms, moated_statue, kennysheep_generic_room_3, uniq_terence
D:3:      layout_loops_cross
D:4:      layout_loops_cross, cheibrodos_sewer_entry_bend,
          kennysheep_cluttered_room, chequers_serial_rivers_small_3,
          kennysheep_diamond
D:5:      gammafunk_wand_slinger, layout_basic, roderic_batcave,
          grunt_ministairs_9
D:6:      layout_basic, wad_floor_pattern_2, uniq_grinder, uniq_edmund

Skill      XL: |  1  2  3  4  5  6  7  8 |
---------------+-------------------------+-----
Short Blades   | 2 3 4 5 6 7 |  7.0
Stealth        | 4 5 6 |  6.3
Dodging        | 1 2 |  2.9
Armour         | 2 |  2.6
Fighting       | 3 |  3.6
Throwing       | |  1.7

Action                   |  1- 3 |  4- 6 |  7- 9 || total
-------------------------+-------+-------+-------++-------
Melee: Dagger            |    74 |   212 |   199 ||   485
       Touch             |     3 |    49 |    57 ||   109
Throw: Dart              |       |       |     6 ||     6
  Use: Scroll            |     1 |     4 |       ||     5
       Potion            |       |     4 |       ||     4
 Stab: Sleeping          |    13 |    11 |     1 ||    25
Armor: Robe              |     9 |     9 |       ||    18
       Ring mail         |       |    69 |    55 ||   124
Dodge: Dodged            |    40 |   114 |    75 ||   229

Table legend: (Time is in decaauts)
 A = Elapsed time spent in this place.
 B = Non-inter-level travel time spent in this place.
 C = Inter-level travel time spent in this place.
 D = Time resting spent in this place.
 E = Time spent auto-exploring this place.
 F = Levels seen in this place.
 G = Mean time per level.
                   A        B        C        D        E       F      G
               +--------+--------+--------+--------+--------+-----+--------+
         Total |   6912 |   6694 |    218 |    976 |   4745 |   7 |  987.4 |
       Dungeon |   6250 |   6032 |    218 |    501 |   4651 |   6 | 1041.7 |
         Sewer |    661 |    661 |      0 |    475 |     94 |   1 |  661.0 |
               +--------+--------+--------+--------+--------+-----+--------+

Top non-repeatable levels by time:
     D:4: 1516 daAuts
     D:5: 1333 daAuts
     D:1: 1135 daAuts
     D:3: 953 daAuts
     D:6: 805 daAuts
   Sewer: 661 daAuts
     D:2: 506 daAuts
